 Dungeon Crawl Stone Soup version 0.27-a0-1308-gc08437e49b (webtiles) character file.

Game seed: 8821027946899852973

144 puppykicker the Digger (level 5, -1/30 HPs)
             Began as a Gargoyle Earth Elementalist on June 19, 2021.
             Slain by Ijyb (2 damage)
             ... on level 3 of the Dungeon.
             The game lasted 00:08:22 (2956 turns).

puppykicker the Digger (GrEE)                       Turns: 2956, Time: 00:08:23

Health: -1/30      AC:  2    Str: 13    XL:     5   Next: 26%
Magic:  2/8        EV: 12    Int: 15    God:
Gold:   0          SH:  0    Dex: 10    Spells: 0/9 levels left

rFire    . . .     SeeInvis .   a - +2 whip (holy)
rCold    . . .     Faith    .   (no shield)
rNeg     + . .     Spirit   .   e - +0 robe
rPois    ∞         Reflect  .   (no helmet)
rElec    +         Harm     .   (no cloak)
rCorr    .         Rampage  .   (no gloves)
Will     .....                  (no boots)
Stlth    ++........             (no amulet)
HPRegen  0.10/turn              (no ring)
MPRegen  0.11/turn              (no ring)

@: corroded, attractive
A: sickness immunity, AC +4, negative energy resistance 1, electricity
resistance, torment resistance 1, petrification resistance
a: no special abilities


You were on level 3 of the Dungeon.
You visited 1 branch of the dungeon, and saw 3 of its levels.

You collected 54 gold pieces.
You spent 54 gold pieces at shops.

Inventory:

Hand Weapons
 a - a +2 whip of holy wrath (weapon)
 b - a +2 hand axe of freezing
 q - a +0 mace
Missiles
 c - 43 stones (quivered)
 Q - 62 bolts
Armour
 e - a +0 robe (worn)
 k - a +0 ring mail
Jewellery
 m - an amulet of faith {Faith, !P}
Scrolls
 d - 2 scrolls of identify {unknown}
 f - a scroll of fog {unknown}
 h - a scroll of teleportation {unknown}
 i - a scroll of enchant weapon {unknown}
 l - a scroll of amnesia {unknown}
 p - a scroll of vulnerability {unknown}
 r - a scroll of magic mapping {unknown}
Potions
 g - a potion of might {unknown}
 j - a potion of attraction {!q}
 n - 2 potions of heal wounds {unknown}
 o - 3 potions of degeneration {unknown}
 s - a potion of berserk rage {unknown}


   Skills:
 + Level 1.6 Fighting
 + Level 1.6 Armour
 + Level 2.1 Dodging
 + Level 3.1 Stealth
 + Level 2.5 Spellcasting
 + Level 1.3 Conjurations
 - Level 1.0 Transmutations
 + Level 4.4 Earth Magic


You couldn't memorise any spells.
You knew the following spells:

 Your Spells              Type           Power      Damage    Failure   Level
a - Sandblast             Erth           30%        2d9       3%          1
c - Stone Arrow           Conj/Erth      20%        3d8       19%         3
e - Lee's Rapid Deconstr  Erth           7%         3d8*      67%         5

Your spell library contained the following spells:

 Spells                   Type           Power      Damage    Failure   Level
 Passwall                 Tmut/Erth      8%         N/A       11%         2
 Petrify                  Tmut/Erth      10%        N/A       56%         4


Dungeon Overview and Level Annotations

Branches:
Dungeon (3/15)

Altars:

Shops:
D:3 *

Annotations:
D:3 Ijyb, Purgy


Innate Abilities, Weirdness & Mutations

You are immune to sickness and miasma.
Your stone body is resilient. (AC +4)
You are immune to poison.
You resist negative energy. (rN+)
You are resistant to electric shocks. (rElec)
You are resistant to unholy torment.
You are immune to petrification.


Message History

You now have 4/8 mp.
Casting: Sandblast (safe; 3% risk of failure)
Aiming: Sandblast (safe; 3% risk of failure)
Press: ? - help, Shift-Dir - straight line, f/p - Ijyb
Aim: Ijyb, wielding a +0 dagger, wearing a +0 ring mail and carrying a wand of acid (7) (lightly wounded, 77% to hit)
The blast of sand hits Ijyb but does no damage.
c - 44 stones Ijyb hits you with a +0 dagger.
You take 1 damage, and have 27/30 hp.
You now have 3/8 mp.
You aren't carrying any items that you can evoke.
Unknown command.
Okay, then.
Casting: Sandblast (safe; 3% risk of failure)
Aiming: Sandblast (safe; 3% risk of failure)
Press: ? - help, Shift-Dir - straight line, f/p - Ijyb
Aim: Ijyb, wielding a +0 dagger, wearing a +0 ring mail and carrying a wand of acid (7) (lightly wounded, 77% to hit)
Okay, then.
Unknown command.
Unknown command.
Okay, then.
Casting: Sandblast (safe; 3% risk of failure)
Aiming: Sandblast (safe; 3% risk of failure)
Press: ? - help, Shift-Dir - straight line, f/p - Ijyb
Aim: Ijyb, wielding a +0 dagger, wearing a +0 ring mail and carrying a wand of acid (7) (lightly wounded, 77% to hit)
The blast of sand misses Ijyb.
c - 43 stones
* * * LOW MAGIC WARNING * * *
Ijyb zaps a wand.
The bolt of acid hits you!
Ouch! That really hurt!
* * * LOW HITPOINT WARNING * * *
The acid corrodes you!
You are splashed with acid!
* * * LOW HITPOINT WARNING * * *
You take 26 damage, and have 1/30 hp.
MASSIVE DAMAGE!!
You now have 2/8 mp.
It was a potion of attraction.
You feel attractive to monsters. Ijyb hits you with a +0 dagger.
You die...

#...#.#............#.#
#..#
#..###..#.#...####...#
#..# ##..#.###.##.##
#.### #..#
..........##.# #.# #..#
##.).......†.# ###.####
#...
#.#.######..###......##
#.#
#.#...........<.......#
#.########..#...#......
#.##### #....#@......#
#.....# #...###g#.#.##
#.###.#....... ...# #.#
#..###### ..... #.# #.#
.....# #.# #. +8.#.#
#.# #...# #(. ...# ###


You could see Ijyb.

Levels and vault maps discovered:
D:1:      erik_arrival_triangle_small, layout_basic,
          shapermc_ecumenical_altar_mp_highgroup, hex_medium
D:2:      layout_basic, uniq_natasha
D:3:      layout_loops_ring, jmf_multi_god_temple2, serial_shops,
          nicolae_square_shop, amcnicky_mini_rare_corridor_liquid, uniq_purgy,
          uniq_ijyb, uniq_crazy_yiuf_cottage

Notes
Turn   | Place    | Note
-------+----------+-------------------------------------------
     0 | D:1      | puppykicker the Gargoyle Earth Elementalist began the quest
                  | for the Orb.
     0 | D:1      | Reached XP level 1. HP: 10/10 MP: 3/3
   116 | D:1      | Identified a +0 dagger
   163 | D:1      | Identified a +0 short sword
   346 | D:1      | Reached XP level 2. HP: 16/16 MP: 3/5
   354 | D:1      | Identified a +0 club
   457 | D:1      | Identified a +2 hand axe of freezing
   672 | D:1      | Reached skill level 1 in Transmutations
   695 | D:1      | Identified a +2 whip of holy wrath
  1139 | D:1      | Found a faded altar of an unknown god.
  1471 | D:2      | Reached skill level 4 in Earth Magic
  1471 | D:2      | Reached XP level 3. HP: 16/20 MP: 6/6
  1559 | D:2      | Reached skill level 1 in Fighting
  1569 | D:2      | Identified a +0 dagger
  1582 | D:2      | Identified a +0 ring mail
  1596 | D:2      | Learned a level 3 spell: Stone Arrow
  1616 | D:2      | Noticed Natasha
  1620 | D:2      | Killed Natasha
  1621 | D:2      | Reached skill level 1 in Armour
  1729 | D:2      | Reached XP level 4. HP: 25/25 MP: 4/7
  1775 | D:2      | Identified an amulet of faith
  2038 | D:2      | Noticed Natasha
  2066 | D:2      | Killed Natasha
  2067 | D:2      | Reached skill level 2 in Dodging
  2067 | D:2      | Reached skill level 3 in Stealth
  2067 | D:2      | Reached skill level 1 in Conjurations
  2104 | D:2      | Noticed Natasha
  2283 | D:2      | Killed Natasha
  2284 | D:2      | Reached XP level 5. HP: 28/29 MP: 4/8
  2292 | D:2      | Learned a level 5 spell: Lee's Rapid Deconstruction
  2630 | D:3      | Noticed Purgy
  2650 | D:3      | Identified a +0 short sword
  2692 | D:3      | Found Toedu's Assorted Antiques.
  2700 | D:3      | Bought a pink potion for 27 gold pieces
  2700 | D:3      | Bought a white potion for 27 gold pieces
  2707 | D:3      | Identified a +0 mace
  2707 | D:3      | Identified a +0 ring mail
  2877 | D:3      | Identified a +0 whip
  2946 | D:3      | Identified a +0 dagger
  2946 | D:3      | Identified a +0 ring mail
  2946 | D:3      | Noticed Ijyb
  2955 | D:3      | HP: 1/30 [acid (11)]
  2956 | D:3      | Identified 2 potions of attraction
  2956 | D:3      | Slain by Ijyb

Table legend: (Time is in decaauts)
 A = Elapsed time spent in this place.
 B = Non-inter-level travel time spent in this place.
 C = Inter-level travel time spent in this place.
 D = Time resting spent in this place.
 E = Time spent auto-exploring this place.
 F = Levels seen in this place.
 G = Mean time per level.
                   A        B        C        D        E       F      G
               +--------+--------+--------+--------+--------+-----+--------+
         Total |   2968 |   2921 |     47 |    850 |   1710 |   3 |  989.3 |
       Dungeon |   2968 |   2921 |     47 |    850 |   1710 |   3 |  989.3 |
               +--------+--------+--------+--------+--------+-----+--------+

Top non-repeatable levels by time:
     D:1: 1331 daAuts
     D:2: 1304 daAuts
     D:3: 333 daAuts

Table legend:
 A = Kills in this place as a percentage of kills in entire the game.
 B = Kills by you in this place as a percentage of kills by you in the entire game.
 C = Kills by friends in this place as a percentage of kills by friends in the entire game.
 D = Other kills in this place as a percentage of other kills in the entire game.
 E = Experience gained in this place as a percentage of experience gained in the entire game.
 F = Experience gained in this place divided by the number of levels of this place that you have seen.
                   A       B       C       D       E      F
               +-------+-------+-------+-------+-------+----------------------
         Total | 100.0 | 100.0 |   N/A |   N/A | 100.0 |  68.7
       Dungeon | 100.0 | 100.0 |   N/A |   N/A | 100.0 |  68.7
               +-------+-------+-------+-------+-------+----------------------

Skill      XL: |  1  2  3  4 |
---------------+-------------+-----
Transmutations | 1 |  1.0
Earth Magic    | 4 |  4.4
Fighting       | 1 |  1.6
Armour         | 1 |  1.6
Dodging        | 2 |  2.1
Stealth        | 3 |  3.1
Conjurations   | 1 |  1.3
Spellcasting   | |  2.5

Action                   |  1- 3 |  4- 6 || total
-------------------------+-------+-------++-------
Melee: Short sword       |    11 |       ||    11
       Unarmed           |     1 |       ||     1
       Whip              |    24 |    36 ||    60
       Hand axe          |     6 |       ||     6
 Cast: Sandblast         |    22 |    33 ||    55
  Use: Potion            |       |     1 ||     1
 Stab: Sleeping          |     2 |       ||     2
Armor: Robe              |     8 |    13 ||    21
Dodge: Dodged            |    40 |    32 ||    72

Vanquished Creatures
  Natasha (thrice) (D:2)
  2 adders (D:2)
  A worm (D:2)
  2 dart slugs
  An orc (D:3)
  3 endoplasms
  4 giant cockroaches
  2 goblins (D:1)
  6 hobgoblins
  4 jackals (D:2)
  2 quokkas
  A ball python (D:1)
  5 bats
  2 frilled lizards
  5 kobolds
  2 rats (D:2)
45 creatures vanquished.
